[Event "Team 45 45 League T24"]
[Site "Free Internet Chess Server"]
[Date "2004.10.11"]
[Round "5"]
[White "tjraczko"]
[Black "BlkSabb"]
[Result "1-0"]
[WhiteElo "1588"]
[BlackElo "1719"]
[TimeControl "2700+45"]

1. e4 c5 2. Nf3 Nc6 3. d4 cxd4 4. Nxd4 Nf6 5. Nc3 e5 6. Ndb5 d6 7. Bg5 Be7 8. Be2 a6 9. Na3 b5 10. Nd5 Nxd5 11. Qxd5 Bd7 12. Bxe7 Qxe7 13. O-O O-O 14. c3 Qe6 15. Qd3 Rfd8 16. Nc2 Bc8 17. Ne3 Bb7 18. Nd5 Rac8 19. Rfd1 Ne7 20. h3 Nxd5 21. exd5 Qg6 22. Qe3 Qc2 23. Rd2 Qg6 24. Rc1 f5 25. c4 Qf7 26. b3 bxc4 27. bxc4 Rc5 28. Qc3 a5 29. Rdc2 Bxd5 30. Qb3 Be4 31. Rd2 Qg6 32. f3 Ba8 33. Qb6 Qg5 34. Rcd1 Rdc8 35. Rxd6 Qe7 36. Rd8+ Rxd8 37. Rxd8+ Kf7 38. Rxa8 Rc7 39. Rxa5 Rb7 40. Qe3 Qb4 41. Qxe5 g6 42. Qd5+ Kf6 43. Rb5 Qe1+ 44. Kh2 Rxb5 45. cxb5 Qxe2 46. b6 Qf2 47. b7 f4 48. Qd8+ Kf5 49. Qd3+ Kf6 50. Qb1 g5 51. b8=Q g4 52. Q8b6+ Kg5 53. Qxf2 g3+ 54. Qxg3+ fxg3+ 55. Kxg3 h5 56. Qb5+ Kf6 57. Kf4 Kg6 58. Qc6+ Kg7 59. Kf5 h4 60. Qf6+ Kg8 61. Qe7 Kh8 62. Kg6 Kg8 63. Qe8#   {Black checkmated} 1-0

[Event "Team 45 45 League T24"]
[Site "Free Internet Chess Server"]
[Date "2004.10.14"]
[Round "5"]
[White "thelovegambit"]
[Black "wook"]
[Result "1-0"]
[WhiteElo "1496"]
[BlackElo "1562"]
[TimeControl "2700+45"]

1. c4 e6 2. Nc3 c6 3. d4 d5 4. Nf3 Nf6 5. Bg5 Be7 6. e3 Qa5 7. Bd3 O-O 8. O-O dxc4 9. Bxc4 Qb4 10. Bb3 Rd8 11. Qd3 c5 12. Ne4 Nxe4 13. Bxe7 Rd7 14. Qxe4 Rxe7 15. Rac1 cxd4 16. Rxc8+ Re8 17. Rxe8+ Qf8 18. Rxf8+ Kxf8 19. Qxb7   {Black resigns} 1-0

[Event "Team 45 45 League T24"]
[Site "Free Internet Chess Server"]
[Date "PDT.10.0"]
[Round "5"]
[White "couv"]
[Black "SamuraiGoroh"]
[Result "0-1"]
[WhiteElo "1481"]
[BlackElo "1393"]
[TimeControl "2700+45"]

1. d4 e6 2. e3 d5 3. Bd3 f5 4. Nf3 Bd6 5. c4 Bb4+ 6. Bd2 Bxd2+ 7. Nbxd2 Nf6 8. Ne5 b6 9. Qa4+ Bd7 10. Qb4 Nc6 11. Nxc6 Bxc6 12. c5 Qe7 13. Nf3 O-O 14. Ne5 Be8 15. Rc1 a5 16. Qb3 bxc5 17. Rxc5 Ne4 18. Bxe4 fxe4 19. Qb7 Ba4 20. b3 Rab8 21. Qxc7 Qxc7 22. Rxc7 Be8 23. Kd2 Rxf2+ 24. Kc3 Rxa2 25. Nc6 Bxc6 26. Rxc6 Ra3 27. Rb1 a4 28. Kc2 axb3+ 29. Kb2 Ra2+ 30. Kc3 Rxg2 31. Rxb3 Rxb3+ 32. Kxb3 Rxh2 33. Rxe6 Rh3 34. Re5 Rxe3+ 35. Kb4 h6 36. Rxd5 g5 37. Rd8+ Kg7 38. Rd7+ Kg6 39. Rd6+ Kh5 40. Kc5 g4 41. Rd5+ Kh4 42. Re5 g3 43. d5 g2 44. d6 g1=Q 45. Kc6 Qc1+ 46. Kd7 Qc3 47. Ke6 Qc8+ 48. d7 Qc6+ 49. Ke7 Qc7 50. Rd5 Rg3 51. Kf8 Qf4+ 52. Ke7 Rg7+ 53. Ke6 Qf7+ 54. Ke5 Rg5+ 55. Kxe4 Qxd5+   {White resigns} 0-1

[Event "Team 45 45 League T24"]
[Site "Free Internet Chess Server"]
[Date "2004.10.10"]
[Round "5"]
[White "KlassAct"]
[Black "elgrande"]
[Result "1-0"]
[WhiteElo "1406"]
[BlackElo "1459"]
[TimeControl "2700+45"]

1. e4 d5 2. exd5 Qxd5 3. Nc3 Qf5 4. Bc4 e6 5. Nf3 Nc6 6. d3 Bc5 7. O-O Nge7 8. Qe2 O-O 9. Qe4 Qxe4 10. Nxe4 Bd6 11. Bg5 Ng6 12. Nxd6 cxd6 13. Be3 Bd7 14. d4 d5 15. Be2 Nb4 16. c3 Nc2 17. Rac1 Nxe3 18. fxe3 Rfe8 19. Bd3 Nf8 20. Ne5 Bc8 21. Nxf7 Re7 22. Ng5 g6 23. Rf2 Bd7 24. Nf3 Rf7 25. Ne5 Rxf2 26. Kxf2 Be8 27. Rf1 Kg7 28. Ke1 Rc8 29. g3 Rc7 30. Kd2 Ba4 31. Rf2 Be8 32. e4 Re7 33. h4 a6 34. Bc2 Bb5 35. a4 Be8 36. a5 Bb5 37. b4 Be8 38. Ke3 Bb5 39. Bb3 dxe4 40. Kxe4 Nd7 41. c4 Nf6+ 42. Ke3 Bc6 43. Rf4 Be8 44. g4 h6 45. Bc2 Bc6 46. Nxc6 bxc6 47. c5 Nd5+ 48. Ke4 Nxf4 49. Kxf4 Rb7 50. Ke5 Kf7 51. Be4 Rxb4 52. Bxc6 Rc4 53. Bd7 Ra4 54. Bxe6+ Ke7 55. d5 Rxa5 56. d6+ Kd8 57. Kd4 Ra4+ 58. Ke5 Ra5 59. Kd4 Ra4+ 60. Ke5 h5 61. c6 Ra5+ 62. Kf6 hxg4 63. c7+   {Black resigns} 1-0

[Event "Team 45 45 League T24"]
[Site "Free Internet Chess Server"]
[Date "PDT.10.0"]
[Round "2"]
[White "manyhorses"]
[Black "paultopia"]
[Result "1-0"]
[WhiteElo "1203"]
[BlackElo "1398"]
[TimeControl "2700+45"]

1. e4 c5 2. Nf3 d6 3. e5 dxe5 4. Nxe5 Qd6 5. Qe2 Nf6 6. Nc3 Bg4 7. Qe3 Qd4 8. Qxd4 cxd4 9. Bb5+ Nbd7 10. Bxd7+ Nxd7 11. Nd5 Nxe5 12. Nc7+ Kd7 13. Nxa8 e6 14. O-O Bd6 15. f3 Bh5 16. d3 Rxa8 17. Bd2 Rc8 18. Rac1 Ke7 19. a4 f6 20. b4 g5 21. b5 g4 22. f4 Ng6 23. a5 Nxf4 24. Bxf4 Bxf4 25. Rxf4 Rxc2 26. Rxc2   {Black resigns} 1-0

[Event "Team 45 45 League T24"]
[Site "Free Internet Chess Server"]
[Date "PDT.10.0"]
[Round "1"]
[White "chesstalker"]
[Black "jerryrab"]
[Result "1-0"]
[WhiteElo "1356"]
[BlackElo "1233"]
[TimeControl "2700+45"]

1. d4 d6 2. Bf4 Nf6 3. Nc3 Nc6 4. d5 Ne5 5. e4 Bg4 6. Be2 Bxe2 7. Qxe2 c6 8. Rd1 e6 9. Nf3 Be7 10. Nxe5 dxe5 11. Bxe5 O-O 12. dxe6 Qc8 13. Bxf6 Bxf6 14. e5 Bg5 15. Ne4 Bh6 16. Nc5 fxe6 17. O-O b6 18. Nd7 Rd8 19. Nf6+ gxf6 20. Qg4+ Kf7 21. Qh5+ Kg7 22. exf6+ Kxf6 23. Qxh6+ Ke7 24. Qg7+ Ke8 25. Qg8+ Ke7 26. Qxh7+ Ke8 27. Qg6+ Ke7 28. Qg7+ Ke8 29. Rd4 Rd5 30. Rf4 Qd7 31. Qf8#   {Black checkmated} 1-0

[Event "Team 45 45 League T24"]
[Site "Free Internet Chess Server"]
[Date "PDT.10.0"]
[Round "5"]
[White "mandragora"]
[Black "LangstonB"]
[Result "1-0"]
[WhiteElo "1849"]
[BlackElo "1712"]
[TimeControl "2700+45"]

1. e4 d6 2. d4 g6 3. Nc3 Bg7 4. Be3 e5 5. dxe5 Bxe5 6. Qd2 Be6 7. Nf3 Bg7 8. Ng5 Qe7 9. O-O-O a6 10. Nd5 Bxd5 11. Qxd5 Nc6 12. Bc4 h6 13. Nxf7 Rh7 14. Nxd6+ cxd6 15. Qxg8+ Bf8 16. Qxg6+ Kd7   {Black resigns} 1-0

[Event "Team 45 45 League T24"]
[Site "Free Internet Chess Server"]
[Date "2004.10.12"]
[Round "5"]
[White "cregan"]
[Black "Louro"]
[Result "1/2-1/2"]
[WhiteElo "1672"]
[BlackElo "1799"]
[TimeControl "2700+45"]

1. e4 c5 2. Nf3 d6 3. d4 cxd4 4. Nxd4 Nf6 5. Nc3 e6 6. Bc4 Nc6 7. Be3 Be7 8. f3 O-O 9. Qd2 a6 10. O-O-O Qc7 11. Bb3 Ne5 12. Qe2 b5 13. g4 Nc4 14. Ndxb5 axb5 15. Nxb5 Qa5 16. Qxc4 Ba6 17. Ba4 Rfb8 18. Bd2 Bxb5 19. Bxb5 Qxb5 20. Qxb5 Rxb5 21. a3 d5 22. g5 Ne8 23. exd5 Rxd5 24. h4 g6 25. Be3 Rad8 26. Rxd5 Rxd5 27. b4 Nc7 28. c4 Rd3 29. Bb6 Rxa3 30. Kb2 Bxb4 31. Bxc7 Rxf3 32. Be5 Kf8 33. Ra1 Rf5 34. Bf6 Ke8 35. Ra8+ Kd7 36. Ra7+ Ke8 37. Ra8+ Kd7   {Game drawn by mutual agreement} 1/2-1/2

[Event "Team 45 45 League T24"]
[Site "Free Internet Chess Server"]
[Date "2004.10.11"]
[Round "5"]
[White "crane"]
[Black "senorquinn"]
[Result "0-1"]
[WhiteElo "1407"]
[BlackElo "1500"]
[TimeControl "2700+45"]

1. e4 c5 2. Nf3 Nc6 3. Bd3 Nf6 4. Nc3 d6 5. Bb5 e6 6. d4 cxd4 7. Bxc6+ bxc6 8. Nxd4 Qc7 9. O-O e5 10. Nf5 Bxf5 11. exf5 Rb8 12. f4 e4 13. Re1 d5 14. Ne2 Bc5+ 15. Nd4 O-O 16. h4 h5 17. c3 a5 18. Qa4 Rb5 19. Kh1 Bxd4 20. Qxd4 Qb6 21. a4 Qxd4 22. cxd4 Rb3 23. Re2 Rfb8 24. Ra2 Kf8 25. Bd2 Rxb2 26. Bxa5 Rxe2 27. Rxe2 Ra8 28. Bb4+ Ke8 29. a5 Kd8 30. Bd2 Kc7 31. Kg1 Ne8 32. Bb4 Nd6 33. Bxd6+ Kxd6 34. Ra2 Kc7 35. a6 Kb6 36. Kf2 Rxa6 37. Rxa6+ Kxa6 38. g3 Kb5 39. Ke2 Kc4 40. Ke3 c5 41. dxc5 Kxc5 42. Kf2 Kc4 43. g4 Kc3 44. gxh5 d4 45. Ke2 d3+ 46. Ke3 Kc2 47. Kxe4 d2 48. f6 gxf6 49. h6 d1=Q 50. Kf5 Qh5+   {White resigns} 0-1

[Event "Team 45 45 League T24"]
[Site "Free Internet Chess Server"]
[Date "2004.10.13"]
[Round "5"]
[White "Almaty"]
[Black "inkaotibus"]
[Result "0-1"]
[WhiteElo "1707"]
[BlackElo "2155"]
[TimeControl "2700+45"]

1. d4 e5 2. c4 exd4 3. Qxd4 Nf6 4. Bg5 Be7 5. Nf3 Nc6 6. Qh4 Nb4 7. Na3 O-O 8. c5 Bxc5 9. Bxf6 Qxf6 10. Qxf6 gxf6 11. Rc1 d6 12. Nd2 Nxa2 13. Rc4 Be6 14. Rf4 Bxa3 15. bxa3 Nc3 16. e3 f5 17. Bc4 b5 18. Bb3 a5 19. Bc2 Nd5 20. Rh4 b4 21. a4 c5 22. Nc4 Ra6 23. O-O Rb8 24. Bb3 Nc3 25. Rc1 d5 26. Rxc3 bxc3   {White resigns} 0-1

[Event "Team 45 45 League T24"]
[Site "Free Internet Chess Server"]
[Date "PDT.10.0"]
[Round "5"]
[White "HotDonut"]
[Black "TrondTumyr"]
[Result "0-1"]
[WhiteElo "1830"]
[BlackElo "1822"]
[TimeControl "2700+45"]

1. e4 e5 2. Nf3 Nc6 3. Bb5 a6 4. Bxc6 dxc6 5. d4 exd4 6. Qxd4 Qxd4 7. Nxd4 Bc5 8. c3 Nf6 9. f3 O-O 10. Be3 Ne8 11. Nd2 Bd6 12. f4 Nf6 13. Kf2 Ng4+ 14. Kf3 Nxe3 15. Kxe3 Re8 16. Rae1 c5 17. N4b3 b5 18. c4 Bb7 19. Re2 bxc4 20. Na5 Bxe4 21. Nxe4 f5 22. Kf3 fxe4+ 23. Rxe4 Rxe4 24. Kxe4 Re8+ 25. Kf3 Rf8 26. g3 g5 27. Nxc4 gxf4 28. Nxd6 fxg3+ 29. Kxg3 cxd6 30. Rd1 Rd8 31. Kf4 Kf7 32. Rd3 Ke6 33. Ra3 Ra8 34. Rb3 Ra7 35. Re3+ Kd5 36. Rd3+ Kc6 37. Kf5 c4 38. Rd1 a5 39. Ke6 Rd7 40. b3 Rd8 41. bxc4 Re8+ 42. Kf7 Re2 43. Kg7 Rxh2 44. Rd5 Rxa2 45. Kxh7 a4 46. Kg6 a3 47. Kf5 Ra1 48. Rd2 a2 49. Rf2 Kc5   {White resigns} 0-1

[Event "Team 45 45 League T24"]
[Site "Free Internet Chess Server"]
[Date "PDT.10.0"]
[Round "5"]
[White "zcomcon"]
[Black "fismoluni"]
[Result "1/2-1/2"]
[WhiteElo "1697"]
[BlackElo "1596"]
[TimeControl "2700+45"]

1. e4 c5 2. c3 d5 3. exd5 Qxd5 4. d4 Nf6 5. Be3 e6 6. Be2 Qxg2 7. Bf3 Qg6 8. dxc5 Nc6 9. Ne2 Ne5 10. Nf4 Qf5 11. Be2 Neg4 12. Qd4 Nxe3 13. Qxe3 Bxc5 14. Qf3 O-O 15. Nd3 Qxf3 16. Bxf3 Bd6 17. O-O Re8 18. Rd1 e5 19. Ne1 Bc5 20. Nd2 e4 21. Nb3 Bb6 22. Bg2 Bg4 23. Rd6 Re7 24. h3 Bf5 25. Rad1 Rae8 26. Nd4 Bg6 27. Kf1 Nh5 28. Ne2 h6 29. Rd7 e3 30. f4 Nxf4 31. Nxf4 e2+ 32. Nxe2 Rxe2 33. R7d2 R2e6 34. Rd6 Re2 35. R6d2 R2e3 36. Rd3 Bxd3+ 37. Nxd3 Re2 38. Bxb7 R2e6 39. Bd5 Rf6+ 40. Kg2 Re2+ 41. Kg3 Bf2+ 42. Kg2 Bh4+ 43. Kg1 Re3 44. c4 Rxh3 45. c5 Rg6+ 46. Kf1 Rg5 47. Nf4 Rf5 48. Rd4 g5 49. c6 Re3 50. c7 Re1+ 51. Kg2 Rc1 52. Bc4 Rc5 53. Rd8+ Kg7 54. c8=Q Rxc8 55. Rxc8 gxf4 56. Rc7 Rc2+ 57. Kh3 Bg5 58. Rxf7+ Kh8 59. Rxa7 Rxc4 60. b3 Rc3+ 61. Kg2 f3+ 62. Kg3 Be3 63. Ra8+ Kg7 64. Kxf3 h5 65. Ra4 Bg5+ 66. Kg2 h4 67. Rg4 Kg6 68. b4 Rc2+ 69. Kh3 Rxa2 70. Rg2 Ra3+ 71. Kh2 Rb3 72. Rc2 Rxb4 73. Rc6+ Kf5 74. Rc5+ Kg4 75. Rd5 Rb2+ 76. Kh1 h3 77. Rd1 Kf3 78. Rf1+ Rf2 79. Rxf2+ Kxf2 80. Kh2   {Game drawn by mutual agreement} 1/2-1/2

[Event "Team 45 45 League T24"]
[Site "Free Internet Chess Server"]
[Date "2004.10.10"]
[Round "5"]
[White "threeNT"]
[Black "DesparateDan"]
[Result "1-0"]
[WhiteElo "1599"]
[BlackElo "1696"]
[TimeControl "2700+45"]

1. e4 e5 2. Nf3 Nc6 3. Bb5 a6 4. Ba4 d6 5. h3 Bd7 6. c3 g6 7. d4 Bg7 8. Be3 Nge7 9. Nbd2 O-O 10. d5 Nb8 11. Bc2 c6 12. c4 cxd5 13. cxd5 f5 14. Bg5 f4 15. Rc1 h6 16. Bxe7 Qxe7 17. g4 fxg3 18. fxg3 Bb5 19. a4 Be8 20. Nc4 Nd7 21. b4 b6 22. O-O a5 23. bxa5 bxa5 24. Qd2 Nc5 25. Nxa5 Bxa4 26. Bxa4 Nxe4 27. Qc2 Nxg3 28. Nc6 Qf7 29. Nfxe5 Qxf1+ 30. Rxf1 Rxf1+ 31. Kh2 Bxe5 32. Nxe5 dxe5 33. Kxg3 Rg1+ 34. Kf2 Rg5 35. d6 Rf8+ 36. Ke3 Rg3+ 37. Ke4 Rf4+ 38. Kxe5 Rf5+ 39. Ke6 Re3+ 40. Kd7 Ree5 41. Qc4+ Kg7 42. Bb3 Rc5 43. Qg8+ Kf6 44. Qe6+ Kg5 45. Qe7+ Kf4 46. Qh4+ Ke5 47. Qxh6 Rf6 48. Qg5+ Kd4 49. Qxf6+   {Black resigns} 1-0

[Event "Team 45 45 League T24"]
[Site "Free Internet Chess Server"]
[Date "2004.10.11"]
[Round "5"]
[White "kethury"]
[Black "adingod"]
[Result "1-0"]
[WhiteElo "2128"]
[BlackElo "2103"]
[TimeControl "2700+45"]

1. e4 Nf6 2. e5 Nd5 3. d4 d6 4. Nf3 g6 5. Bc4 Nb6 6. Bb3 Bg7 7. Ng5 d5 8. f4 O-O 9. O-O f6 10. Nf3 Bg4 11. a4 Nc6 12. a5 Nc4 13. a6 b5 14. Na3 Qb8 15. h3 Bxf3 16. Rxf3 Qb6 17. exf6 exf6 18. c3 f5 19. Nxc4 dxc4 20. Bc2 Ne7 21. Be3 Nd5 22. Bf2 Rae8 23. b3 b4 24. cxb4 c3 25. Bd3 Bxd4 26. Bc4 Bxf2+ 27. Rxf2 c6 28. Bxd5+ cxd5 29. Qxd5+ Qe6 30. Qxe6+ Rxe6 31. Rc2 Rc8 32. b5 Rd6 33. Kf2 Kf7 34. Ra4 Rc5 35. Rc4 Rxb5 36. Rc7+ Ke6 37. Re2+ Kf6 38. Rxh7 Rxa6 39. g4   {Black resigns} 1-0

[Event "Team 45 45 League T24"]
[Site "Free Internet Chess Server"]
[Date "PDT.10.0"]
[Round "5"]
[White "YOIULI"]
[Black "thxgg"]
[Result "1-0"]
[WhiteElo "1865"]
[BlackElo "1923"]
[TimeControl "2700+45"]

1. e4 e5 2. Nf3 Nf6 3. Nc3 Bb4 4. d3 d5 5. exd5 Nxd5 6. Bd2 Nxc3 7. Bxc3 Bxc3+ 8. bxc3 O-O 9. Be2 Nc6 10. O-O f5 11. d4 e4 12. Bc4+ Kh8 13. Nd2 Qg5 14. Re1 Bd7 15. Nb3 Rae8 16. Nc5 Bc8 17. Qb1 e3 18. f3 Rf6 19. Re2 Ne7 20. Qe1 Ng6 21. Qg3 Qh5 22. Qxc7 Nh4 23. Bd5 Rg6 24. Nd3 Nxf3+ 25. Kh1 Qxh2+ 26. Qxh2 Nxh2 27. Kxh2 Rh6+ 28. Kg1 g5 29. Ne5 Kg7 30. Rxe3 f4 31. Re2 Rf6 32. Rae1 h5 33. Nf3 Rxe2 34. Rxe2 g4 35. Nd2 Kg6 36. Re7 h4 37. Bxb7 Bxb7 38. Rxb7 Ra6 39. Rb2 Re6 40. Kf1 Re3 41. d5 h3 42. gxh3 gxh3 43. Rb1 Rg3 44. d6 Kf6 45. Ne4+   {Black resigns} 1-0

[Event "Team 45 45 League T24"]
[Site "Free Internet Chess Server"]
[Date "2004.10.10"]
[Round "5"]
[White "ktwag"]
[Black "mandragora"]
[Result "1-0"]
[WhiteElo "1905"]
[BlackElo "1854"]
[TimeControl "2700+45"]

1. e4 e5 2. Nf3 Nc6 3. Bb5 a6 4. Ba4 Nf6 5. O-O Nxe4 6. Qe1 Nc5 7. Bxc6 dxc6 8. Qxe5+ Qe7 9. Re1 Qxe5 10. Nxe5 Be7 11. d3 Ne6 12. Be3 O-O 13. Nc3 c5 14. Nd5 Bd8 15. Rad1 b6 16. Nf4 Be7 17. Nc4 b5 18. Nd5 Bd8 19. Na5 Nd4 20. c3 Nc2 21. Bxc5 Nxe1 22. Rxe1 c6 23. Nxc6 Bb7 24. Bxf8 Kxf8 25. Ne5 f6 26. Nd7+ Kf7 27. Ne3 Bc6 28. Nc5 Be7 29. d4 a5 30. Nf5 Bf8 31. f3 g6 32. Ng3 Bd5 33. a3 Be7 34. Kf2 Rb8 35. Nf1 b4 36. axb4 axb4 37. Ne3 Bxc5 38. Nxd5 Bd6 39. c4 h5 40. c5 Bf8 41. c6 Bd6 42. c7 Rc8 43. b3 Kf8 44. g3 Bxc7 45. Nxf6 Kf7 46. Nd5 Bd6 47. f4 Rc2+ 48. Re2 Rc1 49. Kf3 Bf8 50. Ke4 Bd6 51. Nb6 Rc6 52. Nc4 Bc7 53. Ne5+ Bxe5 54. fxe5 Rc3 55. Re3 Rc2 56. h4 Rd2 57. Kd5 Rc2 58. e6+ Ke7 59. Ke5 Rc3 60. Ke4 Rc2 61. d5 Rd2 62. Rd3 Re2+ 63. Kf4 Rf2+ 64. Kg5 Rf5+ 65. Kxg6   {Black resigns} 1-0

[Event "Team 45 45 League T24"]
[Site "Free Internet Chess Server"]
[Date "2004.10.14"]
[Round "5"]
[White "Louro"]
[Black "Zepphire"]
[Result "1-0"]
[WhiteElo "1792"]
[BlackElo "1937"]
[TimeControl "2700+45"]

1. e4 c5 2. Nf3 d6 3. d4 cxd4 4. Nxd4 Nf6 5. Nc3 a6 6. Be3 e5 7. Nf3 Be6 8. Qd2 Be7 9. Ng5 b5 10. Nxe6 fxe6 11. a3 O-O 12. Be2 d5 13. exd5 exd5 14. Bg5 d4 15. Bxf6 dxc3 16. Qxd8 Bxd8 17. Bxe5 cxb2 18. Bxb2 Ba5+ 19. Kf1 Nc6 20. Bf3 Bb6 21. Bxc6 Rxf2+ 22. Ke1 Rc8 23. Bd5+ Kh8 24. Bb3 Re8+ 25. Kd1 Be3 26. g3 Rd2+ 27. Ke1 Bg5+ 28. Kf1 Bd8 29. Bc3 Rde2 30. Re1 Rxe1+ 31. Bxe1 Bb6 32. Kg2 a5 33. Bf2 Re2 34. Rf1 a4 35. Kf3 Rxf2+ 36. Rxf2 Bxf2 37. Kxf2 axb3 38. cxb3 Kg8 39. Ke3 Kf7 40. a4 Ke6 41. axb5 Kd5 42. Kf4   {Black resigns} 1-0

[Event "Team 45 45 League T24"]
[Site "Free Internet Chess Server"]
[Date "2004.10.12"]
[Round "5"]
[White "Nogger"]
[Black "KymF"]
[Result "1/2-1/2"]
[WhiteElo "1984"]
[BlackElo "2102"]
[TimeControl "2700+45"]

1. c4 c5 2. Nf3 Nc6 3. d4 cxd4 4. Nxd4 e6 5. Nc3 Nf6 6. Ndb5 d5 7. Bf4 e5 8. cxd5 exf4 9. dxc6 bxc6 10. Qxd8+ Kxd8 11. Nd4 Bb7 12. Rd1 Kc7 13. g3 Rd8 14. Bg2 Bc5 15. Nb3 Rxd1+ 16. Nxd1 Bb4+ 17. Nc3 Ba6 18. gxf4 Bc4 19. Rg1 Bxb3 20. axb3 Rb8 21. Kd2 Rd8+ 22. Kc2 g6 23. Bf3 a5 24. e3 h6   {Game drawn by mutual agreement} 1/2-1/2

[Event "Team 45 45 League T24"]
[Site "Free Internet Chess Server"]
[Date "2004.10.10"]
[Round "5"]
[White "trebejo"]
[Black "noHz"]
[Result "1-0"]
[WhiteElo "1934"]
[BlackElo "1895"]
[TimeControl "2700+45"]

1. c4 e5 2. Nc3 Nf6 3. Nf3 Nc6 4. e3 d5 5. cxd5 Nxd5 6. Bb5 Nxc3 7. bxc3 Bd7 8. d4 e4 9. Bxc6 Bxc6 10. Ne5 Bd7 11. Qb3 Be6 12. Qb5+ Bd7 13. Nxd7 Qxd7 14. Qxb7 Qd8 15. Qc6+   {Black resigns} 1-0

[Event "Team 45 45 League T24"]
[Site "Free Internet Chess Server"]
[Date "PDT.10.0"]
[Round "5"]
[White "Valiantangel"]
[Black "twinders"]
[Result "1/2-1/2"]
[WhiteElo "1732"]
[BlackElo "1637"]
[TimeControl "2700+45"]

1. d4 Nf6 2. c4 e6 3. Nc3 d5 4. Nf3 c5 5. cxd5 Nxd5 6. e4 Nxc3 7. bxc3 cxd4 8. cxd4 Nc6 9. Bb5 Bd7 10. O-O Be7 11. Be3 O-O 12. a3 a6 13. Ba4 b5 14. Bc2 Na5 15. Qd3 Nc4 16. e5 g6 17. Nd2 Nxe3 18. fxe3 Bg5 19. Ne4 Bc6 20. Nf6+ Kg7 21. Rac1 Rc8 22. e4 Bxc1 23. Rxc1 Qb6 24. Rd1 Qc7 25. Qh3 Rh8 26. Ng4 Kf8 27. Qh6+ Ke7 28. d5 exd5 29. exd5 Bxd5 30. Qg5+ Kf8 31. Qh6+ Ke7 32. Qg5+ Kf8 33. Qh6+ Ke7 34. Qg5+   {Game drawn by repetition} 1/2-1/2